 Dungeon Crawl Stone Soup version 0.21-a0-286-g6fcecc0 (webtiles) character file.

322 Sergey the Bolt Thrower (level 6, -1/35 HPs)
             Began as a Kobold Arcane Marksman on Sept 26, 2017.
             Slain by a mummy (12 damage)
             ... in an ossuary.
             The game lasted 00:34:27 (6067 turns).

Sergey the Bolt Thrower (Kobold Arcane Marksman)    Turns: 6067, Time: 00:34:27

Health: -1/35      AC:  4    Str:  8    XL:     6   Next: 76%
Magic:  8/9        EV: 17    Int: 14    God:
Gold:   183        SH:  0    Dex: 17    Spells: 2/9 levels left

rFire    . . .     SeeInvis .   a - +0 hand crossbow
rCold    . . .     Gourm    .   (shield restricted)
rNeg     + . .     Faith    .   m - +2 robe {rN+}
rPois    .         Spirit   .   (no helmet)
rElec    .         Reflect  .   (no cloak)
rCorr    .         Harm     +   (no gloves)
MR       .....                  (no boots)
Stlth    ++........             k - amulet of harm
HPRegen  0.11/turn              p - ring of wizardry
MPRegen  0.11/turn              r - ring of flight

@: about to teleport, marked, hasted, very quick
A: carnivore 3
a: Evoke Flight


You were in an ossuary.
You were very full.

You visited 1 branch of the dungeon, and saw 4 of its levels.
You also visited: Ossuary.

You collected 183 gold pieces.

Inventory:

Hand Weapons
 a - a +0 hand crossbow (weapon)
Missiles
 b - 74 arrows
 d - 5 bolts (quivered)
 h - 107 stones
 i - 4 tomahawks
 n - 17 sling bullets
 q - 36 poisoned needles
 x - 2 throwing nets
Armour
 e - a +0 robe
 m - a +2 robe of positive energy (worn)
Jewellery
 j - an uncursed amulet of guardian spirit
 k - an amulet of harm (around neck)
 p - a ring of wizardry (left hand)
 r - a ring of flight (right hand)
 s - an uncursed amulet of regeneration
Scrolls
 l - a scroll of remove curse
 o - a scroll of amnesia
 u - a scroll of random uselessness
 y - a scroll of holy word {unknown}
Potions
 w - a potion of berserk rage
 z - a potion of haste
Books
 c - a book of Debilitation

   Spells                             Type                      Level
   a - Corona                         Hexes                        1
   b - Slow                           Hexes                        2
   c - Inner Flame                    Hexes/Fire                   3
   d - Portal Projectile              Hexes/Translocation          3
   e - Cause Fear                     Hexes                        4
   f - Leda's Liquefaction            Hexes/Earth                  4
Comestibles
 f - a meat ration
 g - a chunk of flesh
 v - 5 royal jellies


   Skills:
 - Level 2.1 Fighting
 - Level 4.4 Crossbows
 + Level 4.2 Dodging
 * Level 2.4 Unarmed Combat
 - Level 2.0 Spellcasting
 + Level 4.0 Hexes


You had 2 spell levels left.
You knew the following spells:

 Your Spells              Type           Power        Failure   Level  Hunger
a - Corona                Hex            ##.....      1%          1    ##.....
b - Slow                  Hex            ##......     2%          2    ###....
c - Cause Fear            Hex            ##........   17%         4    #####..


Dungeon Overview and Level Annotations

Branches:
Dungeon (4/15)
 Temple: D:4-7

Altars:


Innate Abilities, Weirdness & Mutations

You are small and have problems with some larger weapons.
You are carnivorous and can eat meat at any time.


Message History

The net rips apart, and the mummy comes free!
You see here a murky pink potion.
z - 2 murky pink potions (gained 1) Firing (i - inventory. (,) - cycle):
d - 7 bolts (quivered)
Press: ? - help, Shift-Dir - straight line, f/p - mummy
Aim: a mummy (almost destroyed)
You shoot a bolt.
The bolt hits the mummy but does no damage.
The mummy is almost destroyed.
Firing (i - inventory. (,) - cycle):
d - 6 bolts (quivered)
Press: ? - help, Shift-Dir - straight line, f/p - mummy
Aim: a mummy (almost destroyed)
You shoot a bolt. The bolt hits the mummy.
You destroy the mummy!
A big kobold zombie comes into view.
As you read the scroll of teleportation, it crumbles to dust.
You feel strangely unstable.
It was a potion of haste.
You feel yourself speed up. The mummy hits you!
You die...

+.....+
#.....#
+(....+
###.....##
#!.......!#
#Z.......!#
#M.......!#
#..M.....!#
##@......##
#.......#
###...###
#∩## ##


You could see 2 mummies and a big kobold zombie.

Vanquished Creatures
  A bullfrog (D:2)
  An orc wizard (D:3)
  2 worker ants (D:3)
  2 mummies (Ossuary)
  5 adders
  An ooze (D:2)
  An adder skeleton (D:3)
  2 worms (D:2)
  A dart slug (D:1)
  4 leopard geckos
  4 orcs (D:3)
  6 giant cockroaches
  10 goblins
  10 hobgoblins
  14 jackals
  7 kobolds
  A quokka (D:3)
  A ball python (D:2)
  8 bats
  2 frilled lizards
  6 rats
89 creatures vanquished.

Notes
Turn   | Place    | Note
-------+----------+-------------------------------------------
     0 | D:1      | Sergey the Kobold Arcane Marksman began the quest for the Orb.
     0 | D:1      | Reached XP level 1. HP: 12/12 MP: 2/2
     3 | D:1      | Noticed an electric eel
     3 | D:1      | Noticed an electric eel
   517 | D:1      | Reached XP level 2. HP: 16/16 MP: 3/3
   610 | D:1      | Learned a level 2 spell: Slow
   677 | D:1      | Reached XP level 3. HP: 18/20 MP: 4/4
  1549 | D:2      | Reached XP level 4. HP: 20/25 MP: 1/6
  2123 | D:2      | Noticed a bullfrog
  2446 | D:3      | Reached XP level 5. HP: 29/29 MP: 3/7
  3072 | D:2      | Learned a level 4 spell: Cause Fear
  3941 | D:2      | Killed a bullfrog
  3941 | D:2      | Reached skill level 1 in Unarmed Combat
  3941 | D:2      | Reached XP level 6. HP: 27/35 MP: 0/9
  6013 | D:4      | Found a sand-covered staircase.
  6020 | Ossuary  | Entered an ossuary
  6067 | Ossuary  | Slain by a mummy

Vault maps used:
D:1:      arrival_aquarium_b, serial_bayou_pond_b, minivault_24,
          minmay_strange_pillars
D:2:      grunt_ministairs_3, hangedman_decor_peaks_small, minmay_ruptured
D:4:      cheibrodos_pilgrimage, first_bread, nicolae_ossuary_entry_monument,
          serial_shops, shop
Ossuary:  ossuary_the_hunt_dpeg

Skill      XL: |  1  2  3  4  5  6 |
---------------+-------------------+-----
Crossbows      | 3 4 |  4.4
Dodging        | 3 4 |  4.2
Spellcasting   | 2 |  2.0
Unarmed Combat | 1 2 |  2.4
Fighting       | 2 |  2.1
Hexes          | 4 |  4.0

Action                   |  1- 3 |  4- 6 || total
-------------------------+-------+-------++-------
Melee: Unarmed           |    46 |   509 ||   555
       Punch             |       |     2 ||     2
 Fire: Hand crossbow     |    86 |    76 ||   162
Throw: Stone             |     2 |    19 ||    21
       Tomahawk          |       |    19 ||    19
 Cast: Corona            |     3 |    37 ||    40
       Slow              |     5 |    49 ||    54
       Cause Fear        |       |     6 ||     6
  Use: Scroll            |       |    10 ||    10
       Potion            |       |     3 ||     3
 Stab: Sleeping          |     1 |       ||     1
  Eat: Chunk             |    10 |    21 ||    31
Armor: Robe              |     7 |    69 ||    76
Dodge: Dodged            |    91 |   442 ||   533

Table legend:
 A = Spawn XP
 B = Non-spawn XP
 C = Spawn XP percentage of total XP
 D = Spawn monster count
 E = Non-spawn monster count
 F = Spawn count percentage of total count
 G = Total turns spent on level
                    A         B        C        D         E        F      G
               +---------+---------+-------+---------+---------+-------+---------
         Total |       0 |     460 |   0.0 |       0 |      89 |   0.0 |  6067
               +---------+---------+-------+---------+---------+-------+---------
           D:1 |       0 |      66 |   0.0 |       0 |      34 |   0.0 |  1681
           D:2 |       0 |     179 |   0.0 |       0 |      25 |   0.0 |  2187
           D:3 |       0 |     180 |   0.0 |       0 |      27 |   0.0 |  2124
           D:4 |       0 |       1 |   0.0 |       0 |       1 |   0.0 |    28
       Ossuary |       0 |      34 |   0.0 |       0 |       2 |   0.0 |    47
               +---------+---------+-------+---------+---------+-------+---------
